Map: Zen LE

Players

Avoš

  • Race: Protoss Protoss
  • Spawn Location: 7:00

CrisPi - Winner!

  • Race: Zerg Zerg
  • League: Silver
  • Spawn Location: 1:00

VOD

Have the link to the VOD?

Description

Time

  • Played on: May 2, 2020, 3:23 p.m.
  • Length: 8:12
Show
View Real Time Build Order
Export as new Build Order

Avoš Protoss 

Build Orders: Double Forge 

Get SALT Encoding   

  12  0:01  Probe  
  13  0:13  Probe  
  14  0:30  Pylon  
  14  0:37  Probe (Chrono Boost)  
  15  0:45  Assimilator  
  15  0:49  Probe (Chrono Boost)  
  16  0:54  Probe (Chrono Boost)  
  17  1:00  Gateway  
  17  1:05  Probe  
  18  1:12  Pylon  
  18  1:17  Probe  
  19  1:40  Nexus  
  19  1:42  Probe  
  20  1:51  Cybernetics Core  
  20  1:58  Probe (Chrono Boost)  
  21  2:05  Assimilator  
  22  2:09  Probe (Chrono Boost)  
  22  2:14  Probe (Chrono Boost)  
  23  2:24  Probe  
  23  2:26  Stalker (Chrono Boost)  
  26  2:41  Probe  
  27  2:53  Probe  
  28  3:00  Stalker (Chrono Boost)  
  28  3:05  Probe  
  31  3:08  Warp Gate  
  31  3:17  Pylon  
  31  3:20  Probe x2  
  33  3:30  Shield Battery  
  33  3:32  Probe  
  33  3:33  Probe  
  35  3:35  Shield Battery  
  35  3:44  Gateway  
  35  3:53  Assimilator  
  35  3:55  Probe x2  
  37  3:56  Assimilator  
  37  3:59  Pylon  
  37  4:04  Forge  
  37  4:07  Forge, Stalker (Chrono Boost), Probe (Chrono Boost)  
  37  4:09  Probe (Chrono Boost)  
  41  4:19  Probe (Chrono Boost)  
  43  4:25  Probe (Chrono Boost)  
  43  4:26  Probe (Chrono Boost)  
  44  4:31  Probe  
  45  4:53  Probe  
  45  4:54  Probe  
  45  4:57  Protoss Ground Weapons Level 1 (Chrono Boost)  
  47  5:00  Protoss Ground Armor Level 1 (Chrono Boost)  
  47  5:03  Twilight Council  
  47  5:06  Probe x2  
  49  5:16  Zealot x2  
  49  5:18  Probe x2  
  55  5:30  Probe x2  
  55  5:32  Robotics Facility  
  55  5:34  Robotics Facility  
  57  5:38  Charge (Chrono Boost)  
  57  5:43  Probe x2  
  59  5:55  Probe  
  59  5:56  Probe  
  55  6:16  Zealot  
  55  6:17  Zealot  
  59  6:23  Immortal  
  59  6:50  Gateway  
  59  6:52  Gateway  
  59  6:54  Gateway  
  59  7:00  Zealot  
  61  7:17  Pylon  
  61  7:18  Pylon  
  61  7:20  Pylon  
  61  7:21  Pylon  
  61  7:30  Probe  
  61  7:35  Probe  
  67  7:42  Probe  
  68  7:44  Zealot  
  68  7:45  Zealot  
  68  7:47  Probe  
Show
View Real Time Build Order
Export as new Build Order

CrisPi Zerg - Winner!

Build Orders: Pool First 

Get SALT Encoding   

  12  0:02  Drone  
  13  0:16  Overlord  
  13  0:19  Drone  
  14  0:34  Drone x2  
  17  0:50  Drone x2  
  17  0:56  Spawning Pool  
  17  1:01  Extractor  
  17  1:03  Drone  
  17  1:12  Drone  
  18  1:24  Hatchery  
  17  1:26  Drone  
  18  1:36  Drone  
  19  1:42  Overlord  
  19  1:47  Queen  
  21  2:09  Drone x2  
  23  2:31  Roach Warren  
  23  2:32  Metabolic Boost  
  23  2:34  Hatchery  
  21  2:53  Drone x2  
  21  2:56  Drone x3  
  21  2:57  Drone x2  
  28  3:10  Drone x2  
  28  3:11  Queen  
  32  3:30  Extractor  
  32  3:33  Drone x5  
  36  3:35  Overlord x2  
  36  3:48  Overlord  
  36  3:53  Queen  
  36  3:54  Drone  
  39  3:58  Extractor  
  39  3:59  Drone  
  39  4:00  Extractor  
  38  4:02  Overlord  
  38  4:03  Overlord  
  38  4:21  Drone x3  
  41  4:37  Overlord x2  
  41  4:44  Evolution Chamber  
  40  4:45  Evolution Chamber  
  40  4:48  Roach  
  40  4:49  Roach x8  
  57  4:58  Drone x4  
  61  5:07  Lair  
  61  5:11  Drone x3  
  64  5:16  Drone x2  
  66  5:23  Drone x2  
  66  5:26  Drone x4  
  68  6:31  Roach x15  
  98  6:33  Overlord x4  
  98  6:34  Overlord  
  98  6:42  Glial Reconstitution  
  98  6:53  Roach  
  110  6:54  Roach x5  
  110  7:03  Roach x12  
  110  7:08  Overseer  
  134  7:15  Overlord x3  
  134  7:47  Overlord x3  
  134  7:49  Roach  
  134  7:50  Roach x8  
Tags
 
League
Silver
Matchup
PvZ
Spawn Locations
Cross Positions
Add a new tag
Caveats
  • Supply blocks, unpowered buildings, or Contaminate may cause inaccurate times.
  • Supply counts are checked every 10 seconds.